 Dungeon Crawl Stone Soup version 0.28-a0-1374-ga75cb3825e (webtiles) character file.

Game seed: 7696422390177199964

63 gimp the Chopper (level 3, 0/45 HPs)
             Began as a Demigod Wanderer on Dec 31, 2021.
             Succumbed to an adder's poison
             ... on level 2 of the Dungeon.
             The game lasted 00:03:12 (2134 turns).

gimp the Chopper (Demigod Wanderer)                 Turns: 2134, Time: 00:03:13

Health: 0/45       AC:  2    Str: 14    XL:     3   Next: 61%
Magic:  6/7        EV: 12    Int: 14    God:
Gold:   71         SH:  5    Dex: 16    Spells: 3/4 levels left

rFire   . . .      SeeInvis .   a - +2 hand axe
rCold   + . .      Faith    .   (no shield)
rNeg    . . .      Spirit   .   e - +0 robe
rPois   .          Reflect  +   (no helmet)
rElec   .          Harm     .   (no cloak)
rCorr   .          Rampage  .   (no gloves)
Will    .....                   (no boots)
Stlth   ..........              g - amulet of reflection
HPRegen 0.15/turn               f - ring of protection from cold
MPRegen 0.10/turn               (no ring)

@: berserking, lethally poisoned (0 -> -10), studying Shields, very quick
A: high mp 1, forlorn, divine attributes
a: no special abilities


You were on level 2 of the Dungeon.
You visited 1 branch of the dungeon, and saw 2 of its levels.

You collected 81 gold pieces.
You spent 10 gold pieces at shops.

Inventory:

Hand Weapons
 a - a +2 hand axe (weapon)
 b - a +0 mace
 d - a +0 dagger
Missiles
 c - 57 poisoned darts (quivered)
 k - 4 curare-tipped darts
Armour
 e - a +0 robe (worn)
Jewellery
 f - a ring of protection from cold (left hand)
 g - an amulet of reflection (around neck)
Scrolls
 h - 2 scrolls of identify {unknown}
Potions
 i - a potion of lignification {unknown}
 l - a potion of curing {unknown}


   Skills:
 * Level 2.9 Fighting
 - Level 3.6(3.8) Axes
 - Level 1.7(2.9) Maces & Flails
 - Level 1.0 Throwing
 - Level 1.0 Armour
 - Level 1.0 Dodging
 + Level 1.0 Spellcasting
 - Level 1.0 Evocations


You had 3 spell levels left.
You knew the following spells:

 Your Spells              Type           Power      Damage    Failure   Level
a - Shock                 Conj/Air       0%         1d3       26%         1

Your spell library contained the following spells:

 Spells                   Type           Power      Damage    Failure   Level
 Corpse Rot               Necr/Air       0%         N/A       36%         2
 Swiftness                Air            0%         N/A       61%         3
 Airstrike                Air            0%         N/A       95%         4
 Dispel Undead            Necr           0%         3d6       95%         4
 Death Channel            Necr           0%         N/A       100%        6


Dungeon Overview and Level Annotations

Branches:
Dungeon (2/15)

Shops:
D:1 !


Innate Abilities, Weirdness & Mutations

You have an increased reservoir of magic. (+10% MP)
You shall have no god before yourself.
Your divine heritage dramatically boosts your attributes as you level up.


Message History

The adder bites you.
You are poisoned.
The adder poisons you!
You take 4 damage, and have 16/30 hp.
You hit the adder.
The adder is heavily wounded.
You feel sick. The adder misses you.
You take 2 damage, and have 14/30 hp.
You hit the adder.
The adder is severely wounded.
You feel sick. The adder bites you. x2
* * * LOW HITPOINT WARNING * * *
You are lethally poisoned!
The adder poisons you!
You take 5 damage, and have 9/30 hp.
You miss the adder.
The adder is severely wounded.
* * * LOW HITPOINT WARNING * * *
You feel very sick. The adder bites you.
* * * LOW HITPOINT WARNING * * *
You are more poisoned.
The adder poisons you!
You take 5 damage, and have 4/30 hp.
It was a potion of berserk rage.
A red film seems to cover your vision as you go berserk!
You feel yourself moving faster!
You feel mighty!
* * * LOW HITPOINT WARNING * * *
You feel very sick. The adder misses you.
You now have 4/45 hp.
You are too berserk!
You barely miss the adder.
The adder is severely wounded.
* * * LOW HITPOINT WARNING * * *
You feel sick. The adder barely misses you. The adder closely misses you.
You take 2 damage, and have 2/45 hp.
You slash the adder!
You kill the adder!
You die...

######.#..........# #
#....#..÷..÷...<..# #
#####....##...##.#.#### #
#........####.##.#..#####
#........####............
#..........)......##...##
#.........###.....####.##
#......).####.....# #..#
#.......@...#.....# ###.#
########.########## #....


rJ. #..... #.... #..... #....# #..... #....# #..... ....## #..... #...# ##....
..... You could see an endoplasm and a rat.

Vanquished Creatures
  Jessica (D:2)
  An adder (D:2)
  2 worms
  A dart slug (D:2)
  3 endoplasms
  A giant cockroach (D:2)
  3 goblins
  2 hobgoblins (D:1)
  3 jackals (D:1)
  7 kobolds
  A ball python (D:1)
  4 rats (D:2)
29 creatures vanquished.

Notes
Turn   | Place    | Note
-------+----------+-------------------------------------------
     0 | D:1      | gimp the Demigod Wanderer began the quest for the Orb.
     0 | D:1      | gimp set off with the following items: a +2 hand axe, a +0
                  | mace, 15 poisoned darts, a +0 dagger, a +0 robe
     0 | D:1      | Reached XP level 1. HP: 14/14 MP: 3/3
    53 | D:1      | Reached skill level 1 in Fighting
   242 | D:1      | Found Emumer's Distillery.
   247 | D:1      | Bought a potion of degeneration for 10 gold pieces
   828 | D:1      | Reached XP level 2. HP: 13/23 MP: 4/4
  1316 | D:1      | Learned a level 1 spell: Shock
  1744 | D:2      | Noticed Jessica
  1752 | D:2      | Killed Jessica
  1753 | D:2      | Reached XP level 3. HP: 26/30 MP: 4/6
  1980 | D:2      | Reached skill level 1 in Spellcasting
  2133 | D:2      | HP: 2/45 [poisoned by an adder]
  2134 | D:2      | Succumbed to an adder's poison

Illustrated notes

Levels and vault maps discovered:
D:1:      nzn_arrival_crosshair, layout_loops_corners, serial_shops,
          nicolae_shop_hallway_plus, hellmonk_ecumenical_altar_arch_garden
D:2:      minmay_recursive_quarters, layout_rooms, minmay_between, uniq_jessica

Skill      XL: |  1  2  3 |
---------------+----------+-----
Fighting       | 1 2 |  2.9
Spellcasting   | 1 |  1.0
Axes           | |  3.6
Maces & Flails | |  1.7
Throwing       | |  1.0
Armour         | |  1.0
Dodging        | |  1.0
Evocations     | |  1.0

Action                   || total
-------------------------++-------
Melee: Hand axe          ||    96
Throw: Dart              ||    18
  Use: Potion            ||     1
 Stab: Sleeping          ||     4
Armor: Robe              ||    16
Dodge: Dodged            ||    42
Block: Other             ||    13

Table legend: (Time is in decaauts)
 A = Elapsed time spent in this place.
 B = Non-inter-level travel time spent in this place.
 C = Inter-level travel time spent in this place.
 D = Time resting spent in this place.
 E = Time spent auto-exploring this place.
 F = Levels seen in this place.
 G = Mean time per level.
                   A        B        C        D        E       F      G
               +--------+--------+--------+--------+--------+-----+--------+
         Total |   2144 |   2125 |     19 |    169 |   1565 |   2 | 1072.0 |
       Dungeon |   2144 |   2125 |     19 |    169 |   1565 |   2 | 1072.0 |
               +--------+--------+--------+--------+--------+-----+--------+

Top non-repeatable levels by time:
     D:1: 1728 daAuts
     D:2: 416 daAuts
